 Dungeon Crawl Stone Soup version 0.32-a0-612-g1c984fe9d1 (webtiles) character file.

Game seed: 2823945715361549003

161 Maxmaps the Ruffian (level 5, 0/54 HPs)
             Began as an Octopode Shapeshifter on Mar 5, 2024.
             Slain by Grinder (3 damage)
             ... while paralysed by Grinder
             ... on level 3 of the Dungeon.
             The game lasted 00:02:59 (2233 turns).

Maxmaps the Ruffian (Octopode Shapeshifter)         Turns: 2233, Time: 00:03:00

Health: 0/54       AC: 22    Str: 13    XL:     5   Next: 42%
Magic:  5/5        EV:  2    Int: 21    God:
Gold:   116        SH:  0    Dex: 17    Spells: 4/4 levels left

rFire   . .          .
                       - Unarmed
rCold   . . .        (no shield)
rNeg    . . .        (helmet currently unavailable)
rPois   +            (no amulet)
rElec   .            d - +6 ring of dexterity
rCorr   .            e - +6 ring of intelligence
SInv    .            (no ring)
Will    .....        (no ring)
Stlth   ++           (no ring)
HPRegen 0.29/turn    (no ring)
MPRegen 0.09/turn    (no ring)
                     (no ring)

%: no passive effects
@: paralysed, tree-form
A: stationary, stasis, torment immunity, boosted hp, almost no armour,
(amphibious), 8 rings, (camouflage 1), (gelatinous body 1), (nimble swimmer 1),
(tentacles)
a: no special abilities


You were on level 3 of the Dungeon.
You were a tree.
You visited 1 branch of the dungeon, and saw 3 of its levels.

You collected 116 gold pieces.

Inventory:

Jewellery
 d - a +6 ring of dexterity (left branch)
 e - a +6 ring of intelligence (right branch)
Talismans
 b - a beast talisman (active)
 c - a flux talisman
 g - a talisman of death
Scrolls
 i - a scroll of amnesia {unknown}
 k - a scroll of fear {unknown}
 l - 2 scrolls of enchant weapon {unknown}
 m - a scroll of revelation {unknown}
 n - a scroll of teleportation {unknown}
Potions
 h - a potion of haste {unknown}
 j - 3 potions of curing {unknown}


   Skills:
 - Level 3.0 Fighting
 + Level 3.2 Dodging
 - Level 4.3 Unarmed Combat
 - Level 3.0 Shapeshifting


You had 4 spell levels left.
You didn't know any spells.
Your spell library contained the following spells:

 Spells                   Type           Power      Damage    Failure   Level
 Freeze                   Ice            0%         1d3       19%         1
 Frozen Ramparts          Ice            0%         1d1       47%         3
 Hailstorm                Conj/Ice       0%         3d5       47%         3


Dungeon Overview and Level Annotations

Branches:
Dungeon (3/15)

Altars:
Makhleb
Okawaru

Annotations:
D:3 Grinder


Innate Abilities, Weirdness & Mutations

You are a tree.
Your roots penetrate the ground, keeping you stationary.
You cannot be teleported.
You are immune to unholy pain and torment.
Your maximum health is greatly increased.
You cannot wear most types of armour.
((You are amphibious.))
You can wear up to eight rings at the same time.
((Your skin changes colour to match your surroundings (Stealth+).))
((Your rubbery body absorbs attacks. (AC +1, EV +1)))
((You are camouflaged when in or above water. (Stealth+)))
((You have tentacles for arms and can constrict up to eight enemies at once.))


Message History

Grinder hits you but does no damage.
Unknown command.
You closely miss Grinder.
Grinder is moderately wounded.
Grinder hits you but does no damage.
You smack Grinder!
Grinder is heavily wounded.
Grinder hits you but does no damage.
You smack Grinder!
Grinder is severely wounded.
You smack Grinder!
Grinder is almost dead.
Grinder hits you but does no damage.
You barely miss Grinder.
Grinder is almost dead.
Grinder barely misses you.
You barely miss Grinder.
Grinder is almost dead.
Grinder gestures at you.
You suddenly lose the ability to move!
Grinder hits you but does no damage. Grinder hits you.
* * * LOW HITPOINT WARNING * * *
You writhe in agony.
* * * LOW HITPOINT WARNING * * *
Grinder hits you but does no damage.
You can move again.
Unknown command.
Unknown command.
You closely miss Grinder.
Grinder is almost dead.
Grinder blinks!
You cannot move.
You swing at nothing.
You swing at nothing.
Grinder gestures at you.
You suddenly lose the ability to move!
Grinder hits you.
You die...
Grinder says, "Hey, I wasn't done torturing you yet!"

###.### #.##.##.......
#.# #.##.##.###..#
#.######.##.##.# #..#
####.##.....##>##<# #..#
#....##.###..#.##.###..#
#.#####.# ##.#...[....÷#
#.# #.# #.#....#.#...
#.# #.# #.#.##.#.###.
#.# #♣# #.#....#.###.
##.## #5# #.####.#.....
##.#.## #.# ...#
#.###### #.###.# #..
.#.###.###### ##.#.##
#####.#.##........ ##.##
#).#..#..###### #.#
##)###.##....... #.#
###..#[#..########
#.#####...##.##...####


You could see Grinder.

Vanquished Creatures
  Terence (D:3)
  6 adders
  3 dart slugs (D:1)
  6 orcs (D:3)
  3 endoplasms
  4 giant cockroaches
  6 goblins
  7 hobgoblins
  6 jackals (D:3)
  6 kobolds
  2 quokkas (D:2)
  5 ball pythons
  A bat (D:2)
  5 frilled lizards
  9 rats
70 creatures vanquished.

Notes
Turn   | Place    | Note
-------+----------+-------------------------------------------
     0 | D:1      | Maxmaps the Octopode Shapeshifter began the quest for the
                  | Orb.
     0 | D:1      | Reached XP level 1. HP: 13/13 MP: 1/1
    49 | D:1      | Reached XP level 2. HP: 3/19 MP: 2/2
   380 | D:1      | Reached XP level 3. HP: 25/25 MP: 3/3
   966 | D:2      | Reached XP level 4. HP: 27/31 MP: 4/4
  1488 | D:3      | Found a faded altar of an unknown god.
  1583 | D:3      | Found an iron altar of Okawaru.
  1827 | D:3      | Noticed Terence
  1840 | D:3      | Reached XP level 5. HP: 8/36 MP: 5/5
  1873 | D:3      | Killed Terence
  1874 | D:3      | Reached skill level 4 in Unarmed Combat
  2095 | D:3      | Found a burning altar of Makhleb.
  2208 | D:3      | Noticed Grinder
  2209 | D:3      | Paralysed by Grinder for 2 turns
  2214 | D:3      | Paralysed by Grinder for 5 turns
  2218 | D:3      | HP: 1/36 [Grinder (1)]
  2225 | D:3      | Paralysed by Grinder for 3 turns
  2227 | D:3      | HP: 1/54 [Grinder (2)]
  2231 | D:3      | Paralysed by Grinder for 4 turns
  2233 | D:3      | Slain by Grinder

Illustrated notes

Levels and vault maps discovered:
D:1:      dpeg_arrival_round_a, layout_basic, chequers_serial_rivers_small_a,
          serial_bayou_lake_a
D:2:      layout_rooms, nicolae_eternal_life
D:3:      minmay_general_purpose_star, layout_loops_ring,
          okawaru_metal_pillars_3, lemuel_coloured_pillars_altar,
          shapermc_ecumenical_altar_flowoftime, uniq_grinder, uniq_terence

Skill      XL: |  1  2  3  4  5 |
---------------+----------------+-----
Fighting       | 2 3 |  3.0
Dodging        | 3 |  3.2
Unarmed Combat | 4 |  4.3
Shapeshifting  | |  3.0

Action                     |  1- 3 |  4- 6 || total
---------------------------+-------+-------++-------
  Melee: Unarmed           |    51 |    66 ||   117
         Constrict         |    20 |    19 ||    39
         Tentacles         |    11 |    11 ||    22
         Punch             |     2 |     1 ||     3
    Use: Potion            |       |     2 ||     2
   Stab: Sleeping          |     4 |     4 ||     8
         Invisible         |       |     1 ||     1
 Armour: Skin              |    22 |    26 ||    48
  Dodge: Dodged            |    22 |    33 ||    55

Table legend: (Time is in decaauts)
 A = Elapsed time spent in this place.
 B = Non-inter-level travel time spent in this place.
 C = Inter-level travel time spent in this place.
 D = Time resting spent in this place.
 E = Time spent auto-exploring this place.
 F = Levels seen in this place.
 G = Mean time per level.
                   A        B        C        D        E       F      G
               +--------+--------+--------+--------+--------+-----+--------+
         Total |   2225 |   2193 |     32 |    233 |   1579 |   3 |  741.7 |
       Dungeon |   2225 |   2193 |     32 |    233 |   1579 |   3 |  741.7 |
               +--------+--------+--------+--------+--------+-----+--------+

Top non-repeatable levels by time:
     D:3: 890 daAuts
     D:1: 704 daAuts
     D:2: 630 daAuts
